Map: Thunderbird LE

Players

MarineLorD - Winner!

  • Race: Terran Terran
  • Spawn Location: 5:00

BratOK (Brat_OK)

  • Race: Terran Terran
  • Spawn Location: 11:00

Event: 2019 WCS Summer

VOD

Have the link to the VOD?

Description

Time

  • Played on: July 12, 2019, 9:41 a.m.
  • Length: 23:59

All games in this series

Show
View Real Time Build Order
Export as new Build Order

MarineLorD Terran - Winner!

Build Orders: Gas First Reaper Expand 

Get SALT Encoding   

  12  0:00  SCV  
  13  0:12  SCV  
  14  0:17  Supply Depot  
  14  0:24  SCV  
  15  0:29  Refinery  
  15  0:39  SCV  
  16  0:44  Barracks  
  16  0:51  SCV  
  17  1:03  SCV  
  18  1:15  SCV  
  19  1:30  Orbital Command  
  19  1:31  Reaper  
  20  1:45  Command Center  
  20  1:56  SCV  
  21  2:02  Factory  
  21  2:05  Barracks Reactor  
  21  2:08  SCV  
  22  2:16  Supply Depot  
  22  2:19  Refinery  
  22  2:20  SCV  
  23  2:37  SCV  
  24  2:50  SCV  
  25  2:58  SCV  
  25  3:02  SCV  
  25  3:05  Command Center  
  26  3:07  Hellion  
  26  3:08  Hellion  
  30  3:19  Orbital Command  
  30  3:20  SCV  
  31  3:29  Hellion  
  31  3:31  Hellion  
  31  3:33  SCV  
  36  3:41  Starport  
  36  3:45  SCV  
  36  3:46  Barracks Tech Lab  
  37  3:49  SCV  
  38  3:57  SCV  
  38  3:59  Refinery  
  38  4:01  SCV  
  38  4:02  Factory Tech Lab  
  40  4:09  SCV, Supply Depot  
  41  4:13  SCV  
  42  4:18  SCV  
  42  4:21  SCV  
  42  4:23  Marine x2  
  46  4:24  Siege Tank  
  46  4:25  SCV  
  46  4:30  Orbital Command  
  47  4:38  SCV  
  47  4:40  Raven  
  47  4:41  Marine x2  
  47  4:42  SCV  
  53  4:51  SCV  
  53  4:52  Orbital Command, Refinery  
  54  4:54  SCV  
  54  4:56  Siege Tank  
  58  5:02  Barracks x2  
  58  5:03  SCV  
  58  5:06  SCV  
  60  5:11  Marine x2, Supply Depot  
  62  5:15  SCV  
  62  5:18  SCV x2  
  65  5:23  Raven  
  65  5:27  SCV  
  62  5:30  SCV x2  
  62  5:34  Siege Tank  
  64  5:36  Marine  
  64  5:39  SCV  
  64  5:42  SCV  
  62  5:43  SCV  
  55  5:51  SCV  
  55  5:54  SCV  
  55  5:55  Barracks Reactor, Barracks Tech Lab, SCV  
  56  6:03  SCV  
  57  6:06  SCV  
  57  6:07  SCV  
  57  6:11  Stimpack  
  61  6:15  SCV  
  61  6:18  Viking, SCV  
  61  6:19  Viking, SCV  
  61  6:25  Barracks Reactor, Supply Depot x2  
  66  6:27  SCV  
  66  6:30  Marine, SCV  
  66  6:31  SCV  
  71  6:40  Marine x2, SCV  
  71  6:42  SCV  
  71  6:43  SCV  
  75  6:47  Engineering Bay  
  75  6:48  Engineering Bay  
  75  6:52  Viking x2, SCV  
  80  6:54  SCV  
  80  6:55  SCV  
  82  7:02  Marine x5  
  82  7:04  SCV  
  82  7:06  Siege Tank, SCV  
  82  7:07  SCV  
  93  7:10  Refinery x2  
  93  7:16  Terran Infantry Weapons Level 1  
  93  7:17  Terran Infantry Armor Level 1  
  93  7:21  Supply Depot  
  93  7:23  Supply Depot  
  93  7:25  Viking, Marine, SCV x2  
  93  7:26  Supply Depot  
  93  7:28  Marine  
  101  7:36  SCV  
  100  7:38  SCV  
  100  7:40  Starport  
  100  7:41  Barracks  
  100  7:43  Viking  
  103  7:45  Barracks, Supply Depot  
  103  7:48  Combat Shield  
  103  7:53  Marine  
  103  7:54  Marauder x2, Marine  
  109  8:00  Refinery x2  
  109  8:08  Command Center  
  109  8:12  Concussive Shells, SCV x2  
  111  8:13  SCV  
  111  8:15  Medivac x2  
  111  8:17  Marauder x2  
  120  8:24  Viking x2, SCV x2  
  126  8:28  Supply Depot  
  126  8:29  Barracks Tech Lab  
  126  8:30  Supply Depot  
  126  8:33  SCV, Supply Depot  
  127  8:36  SCV  
  127  8:39  Armory  
  127  8:40  Armory  
  128  8:42  SCV  
  128  8:45  SCV  
  128  8:46  Missile Turret  
  130  8:49  Marauder  
  130  8:50  Marauder x2  
  130  8:54  Viking x2  
  140  8:57  Viking  
  140  8:59  SCV x2  
  140  9:00  SCV  
  145  9:05  Marine x2  
  145  9:06  Marauder  
  149  9:11  SCV  
  149  9:12  Viking  
  149  9:15  Liberator  
  149  9:16  Supply Depot  
  152  9:18  Supply Depot  
  80  9:24  Viking x2, Marauder x2, Missile Turret  
  154  9:26  Marauder  
  154  9:36  SCV x3  
  158  9:45  Viking  
  160  9:47  Terran Ship Weapons Level 1  
  160  9:48  Terran Vehicle And Ship Armor Level 1, SCV  
  161  9:54  Viking x2  
  161  9:59  Marine  
  162  10:00  Marauder  
  162  10:02  Marine  
  140  10:08  Marauder x2  
  140  10:13  Marauder  
  132  10:15  Viking  
  132  10:16  Orbital Command  
  132  10:17  Marine, Refinery x2  
  132  10:18  Liberator x2  
  132  10:20  Viking, Marine  
  138  10:21  Marauder  
  138  10:26  SCV x3  
  138  10:28  Terran Infantry Weapons Level 2, Terran Infantry Armor Level 2  
  143  10:34  Marauder x2  
  143  10:35  Marauder  
  149  10:40  Starport  
  155  10:43  Fusion Core  
  155  10:50  Sensor Tower  
  155  10:51  Medivac  
  155  10:52  Command Center  
  157  11:02  Marauder x3  
  157  11:03  Marauder  
  162  11:06  Marine  
  162  11:07  Marine  
  162  11:10  Command Center  
  164  11:14  Missile Turret  
  164  11:16  Viking  
  166  11:20  Command Center  
  166  11:24  Starport Tech Lab  
  166  11:29  Starport  
  166  11:30  Starport  
  166  11:34  Marauder x2  
  166  11:38  Missile Turret  
  166  11:39  Marauder x2  
  174  11:45  Liberator  
  174  11:48  Command Center  
  174  11:52  Command Center  
  174  12:00  Viking x3  
  180  12:05  Supply Depot  
  180  12:07  Starport Tech Lab, Supply Depot  
  182  12:16  Command Center  
  182  12:18  Terran Ship Weapons Level 2  
  182  12:21  Terran Vehicle And Ship Armor Level 2  
  176  12:39  Advanced Ballistics  
  176  12:40  Starport Reactor  
  176  12:41  Starport Tech Lab  
  176  12:45  Planetary Fortress  
  176  12:46  Starport  
  176  12:47  Starport  
  176  13:07  Raven x3  
  176  13:11  Orbital Command x3  
  182  13:16  Refinery, Command Center  
  182  13:17  Missile Turret  
  182  13:18  Terran Infantry Weapons Level 3, Refinery  
  182  13:19  Missile Turret  
  182  13:21  Missile Turret  
  181  13:32  Starport Tech Lab  
  181  13:33  Starport Tech Lab, Weapon Refit  
  181  13:36  Terran Infantry Armor Level 3  
  179  13:45  Liberator x3  
  177  13:50  Raven  
  177  13:55  Orbital Command x2  
  181  14:18  Refinery  
  181  14:19  Refinery  
  181  14:29  Command Center  
  181  14:30  Command Center  
  171  14:47  Viking x3  
  146  14:56  Marauder x2  
  146  14:57  Marine x2, Marauder x2  
  138  15:00  Battlecruiser x3  
  144  15:13  Missile Turret  
  144  15:14  Marine  
  144  15:15  Missile Turret, Terran Ship Weapons Level 3, Terran Vehicle And Ship Armor Level 3  
  144  15:16  Sensor Tower  
  145  15:22  Viking x3  
  145  15:27  Viking  
  149  15:40  Viking x2  
  140  15:48  Planetary Fortress  
  138  15:52  Viking x3  
  142  15:57  Viking  
  142  16:04  Viking x3  
  148  16:10  Viking x2  
  137  16:22  Viking  
  137  16:23  Viking  
  128  16:26  Viking  
  128  16:30  Viking  
  126  16:34  Viking x2, Battlecruiser  
  126  16:35  Marine x2  
  144  16:43  Command Center  
  144  16:51  Orbital Command  
  144  16:53  Command Center  
  145  16:59  Marauder x4, Marine x2  
  146  17:05  Battlecruiser  
  151  17:11  Battlecruiser  
  157  17:16  Marine x2  
  157  17:20  Marine x4, SCV x7  
  170  17:27  Refinery, Battlecruiser  
  175  17:34  Marine x2  
  175  17:37  Marine  
  175  17:38  Marauder, Marine  
  175  17:42  Battlecruiser  
  175  17:43  Hi-Sec Auto Tracking  
  184  17:51  Marauder  
  179  17:54  Marine x2  
  179  17:56  Marauder x2  
  185  17:59  Marauder  
  185  18:03  Battlecruiser  
  193  18:11  Marine, Bunker  
  193  18:12  Marauder  
  195  18:13  Orbital Command x2  
  195  18:26  Marauder  
  197  18:34  Marauder x2  
  191  18:46  Battlecruiser x3  
  182  18:56  Battlecruiser  
  182  18:59  Command Center  
  171  19:24  Orbital Command  
  163  19:36  Marine x2  
  163  19:37  Marauder x3  
  171  19:46  Marauder  
  170  19:54  Marine  
  170  19:58  Marauder  
  170  19:59  Marauder  
  185  20:09  Marauder, Marine  
  185  20:10  Marauder, Refinery  
  185  20:11  Refinery  
  185  20:12  Marine  
  169  20:18  Bunker  
  169  20:20  Marauder x2, Missile Turret  
  173  20:27  Marine  
  174  20:29  Marine  
  174  20:31  Marauder x2  
  173  20:40  Battlecruiser x3  
  173  20:41  Marine x2, Battlecruiser  
  195  20:52  Command Center  
  195  20:53  Neosteel Armor  
  195  20:54  Marauder, Marine  
  195  20:55  Marauder  
  200  21:17  Marauder  
  194  21:27  Marauder  
  194  21:30  Marauder, Marine x2  
  191  21:33  Viking x4  
  191  21:39  Marauder x2  
  195  21:43  Viking  
  195  21:44  Viking x2  
  180  21:47  Marine  
  180  21:49  Marauder  
  180  21:51  Marauder, Marine  
  169  21:57  Liberator  
  169  22:00  Viking x2, Marine  
  169  22:01  Marauder  
  168  22:03  Viking x4  
  168  22:05  Marine  
  171  22:09  Marine  
  171  22:10  Marauder  
  171  22:13  Viking, Marauder  
  171  22:14  Viking  
  183  22:19  Marauder  
  183  22:22  Orbital Command, Marauder  
  187  22:23  Marine  
  187  22:27  Marine  
  189  22:30  Viking x2  
  189  22:31  Marauder  
  189  22:33  Viking x2  
  199  22:40  Marauder  
  199  22:41  Marine  
  199  22:44  Marauder  
  196  22:49  Battlecruiser  
  196  23:04  Orbital Command  
  190  23:06  Missile Turret x2  
  184  23:18  Marauder x4  
  190  23:33  Marine x2  
  176  23:44  Command Center  
Show
View Real Time Build Order
Export as new Build Order

BratOK Terran 

Build Orders: Gas First Reaper Expand, Liberator Opening, Mech 

Get SALT Encoding   

  12  0:00  SCV  
  13  0:12  SCV  
  14  0:17  Supply Depot  
  14  0:24  SCV  
  15  0:29  Refinery  
  15  0:38  SCV  
  16  0:44  Barracks  
  16  0:50  SCV  
  17  1:02  SCV  
  18  1:15  SCV  
  19  1:31  Orbital Command, Reaper  
  20  1:43  Command Center  
  20  1:52  Factory  
  20  2:00  SCV  
  21  2:06  Supply Depot  
  21  2:08  Barracks Reactor  
  21  2:13  Refinery  
  21  2:17  SCV  
  22  2:29  SCV  
  22  2:41  SCV  
  23  2:51  Marine x2, Hellion  
  23  2:53  SCV  
  27  3:05  SCV  
  27  3:10  Starport  
  29  3:17  SCV  
  27  3:23  Hellion x2  
  31  3:29  Liberator  
  31  3:36  Supply Depot  
  31  3:44  SCV  
  31  3:47  Orbital Command  
  35  3:49  Hellion x2  
  39  3:56  SCV  
  39  4:01  Barracks Tech Lab  
  40  4:08  SCV  
  41  4:10  Hellion x2  
  45  4:18  SCV  
  45  4:20  SCV  
  45  4:29  Starport Tech Lab  
  45  4:31  SCV  
  46  4:32  SCV  
  47  4:43  SCV  
  47  4:44  SCV  
  47  4:45  Supply Depot  
  49  4:46  Cyclone  
  49  4:50  Raven  
  54  4:54  Refinery  
  54  5:04  Command Center  
  54  5:06  Marine, SCV  
  56  5:07  Supply Depot  
  56  5:10  SCV  
  57  5:18  Marine  
  57  5:21  SCV  
  59  5:24  Marine  
  56  5:30  Supply Depot  
  56  5:33  SCV  
  56  5:35  Raven, SCV  
  56  5:45  SCV  
  56  5:48  Refinery, SCV  
  55  5:53  Siege Tank, Marine  
  53  5:57  Command Center, SCV  
  53  6:00  SCV  
  53  6:03  Marine  
  56  6:09  SCV  
  57  6:12  SCV  
  57  6:16  Orbital Command  
  59  6:22  SCV  
  59  6:26  SCV, Factory  
  60  6:34  SCV  
  60  6:38  Siege Tank, SCV  
  65  6:46  SCV x2  
  67  6:48  Viking  
  67  6:50  SCV  
  67  6:52  Supply Depot  
  70  6:54  Viking, Refinery  
  70  6:57  Refinery  
  70  6:58  SCV x2  
  74  7:02  SCV  
  74  7:06  Barracks Reactor  
  75  7:10  Siege Tank, SCV  
  75  7:12  Factory  
  75  7:14  SCV x2  
  81  7:20  SCV  
  81  7:22  SCV  
  82  7:24  Engineering Bay  
  82  7:26  Viking x2  
  82  7:27  Orbital Command  
  86  7:33  Bunker  
  86  7:36  Siege Tank  
  86  7:37  SCV x3  
  91  7:42  Supply Depot  
  91  7:45  Supply Depot x2  
  91  7:49  SCV x3  
  91  7:51  Missile Turret  
  94  7:54  Hellion  
  94  7:55  SCV  
  97  8:00  Viking x2  
  97  8:01  SCV x2, Supply Depot  
  97  8:02  SCV  
  104  8:06  Missile Turret  
  104  8:08  SCV, Hellion x3  
  104  8:09  Barracks Reactor, Missile Turret x2  
  104  8:10  Factory  
  104  8:11  Supply Depot, Factory  
  104  8:12  Supply Depot  
  111  8:15  Orbital Command  
  111  8:17  Armory  
  111  8:20  SCV x2  
  111  8:21  SCV  
  114  8:31  Missile Turret  
  114  8:33  Viking x2  
  118  8:37  Siege Tank, Hellion  
  118  8:39  SCV  
  118  8:40  SCV x2, Supply Depot x2  
  126  8:41  SCV  
  127  8:52  SCV  
  127  8:53  Missile Turret  
  128  8:55  Refinery  
  128  8:56  Factory Tech Lab  
  128  8:59  SCV x2  
  128  9:00  Armory  
  128  9:02  Refinery  
  130  9:04  SCV  
  130  9:06  Viking x2  
  130  9:07  Terran Vehicle And Ship Armor Level 1  
  135  9:10  Siege Tank  
  135  9:12  Hellion x3  
  135  9:16  SCV, Supply Depot  
  145  9:17  Supply Depot  
  145  9:20  Missile Turret  
  145  9:21  SCV x3  
  145  9:23  Missile Turret  
  148  9:24  Missile Turret  
  148  9:25  Siege Tank x2  
  148  9:38  Missile Turret x2  
  148  9:40  Viking x2  
  148  9:42  Supply Depot  
  150  9:45  Infernal Pre-Igniter  
  150  9:46  Missile Turret  
  150  9:47  Siege Tank  
  150  9:48  Missile Turret, Hellion x2  
  155  10:04  Missile Turret  
  155  10:05  Siege Tank, Hellion  
  155  10:06  Hellion  
  133  10:08  Siege Tank  
  133  10:09  SCV x3, Hellion x2  
  133  10:13  SCV  
  133  10:15  Viking  
  133  10:20  Command Center  
  133  10:21  SCV  
  136  10:28  Terran Vehicle Weapons Level 1  
  136  10:31  Mag-Field Accelerator  
  136  10:33  Cyclone  
  136  10:34  Hellion x2  
  143  10:37  Cyclone  
  143  10:39  SCV x2  
  148  10:43  Hellion, Cyclone  
  148  10:44  Hellion  
  148  10:47  Viking  
  157  10:50  SCV x2  
  159  10:57  Barracks Reactor  
  159  11:02  Starport  
  159  11:11  Viking, Missile Turret  
  161  11:13  Missile Turret x2  
  161  11:14  Drilling Claws  
  161  11:15  Terran Vehicle And Ship Armor Level 2  
  161  11:17  Siege Tank, Viking  
  166  11:21  Siege Tank  
  166  11:22  Hellion  
  166  11:23  Hellion x2  
  175  11:30  Siege Tank, Hellion  
  180  11:43  Missile Turret, Command Center  
  180  11:44  Hellion x2  
  182  12:02  Siege Tank x2  
  182  12:03  Viking x2, Refinery  
  182  12:06  Command Center  
  182  12:07  Refinery  
  182  12:08  Command Center  
  191  12:18  Widow Mine  
  191  12:19  Widow Mine x2, Sensor Tower  
  197  12:34  Cyclone  
  197  12:35  Viking x2  
  197  12:36  Viking  
  198  12:42  Viking  
  198  12:43  Missile Turret  
  198  12:44  Missile Turret  
  199  12:48  Terran Vehicle Weapons Level 2  
  195  13:05  Viking x2  
  195  13:12  Missile Turret  
  199  13:16  Orbital Command  
  199  13:21  Orbital Command  
  199  13:23  Command Center  
  199  13:27  Starport  
  199  13:31  Viking x2  
  197  13:40  Viking  
  192  13:51  Terran Vehicle And Ship Armor Level 3  
  192  13:55  Viking  
  190  14:01  Viking  
  190  14:02  Cyclone x3  
  199  14:11  Missile Turret  
  199  14:12  Missile Turret  
  185  14:24  Missile Turret  
  185  14:25  Starport Tech Lab, Viking x3  
  185  14:29  Planetary Fortress  
  185  14:31  Viking  
  193  14:37  Cyclone x2  
  199  14:45  Viking  
  194  14:49  Siege Tank  
  194  14:50  Hellion  
  169  14:55  Viking x3  
  163  15:01  Viking  
  163  15:04  Terran Ship Weapons Level 1  
  163  15:06  Hellion x2  
  169  15:08  Orbital Command, Liberator x2  
  169  15:09  Cyclone x2  
  175  15:15  Viking, Factory  
  175  15:17  Factory x2  
  177  15:25  Viking  
  177  15:26  Siege Tank, Hellion  
  190  15:30  Viking  
  192  15:36  Hellion x2  
  192  15:41  Siege Tank x2  
  192  15:42  Missile Turret  
  193  15:49  Hellion  
  195  15:58  Siege Tank  
  195  16:00  Viking  
  200  16:10  Viking x2  
  199  16:11  Factory Tech Lab x2  
  199  16:13  Siege Tank x2  
  181  16:21  Viking  
  181  16:25  Viking  
  163  16:30  Viking  
  155  16:35  Orbital Command, Cyclone  
  158  16:40  Viking x2  
  162  16:48  Widow Mine  
  162  16:51  Viking  
  166  16:55  Viking, Terran Vehicle Weapons Level 3  
  166  16:58  Factory Reactor  
  166  17:00  Viking  
  169  17:10  Viking x2  
  176  17:15  Cyclone x3  
  176  17:16  Cyclone  
  176  17:20  Viking  
  187  17:25  Viking  
  187  17:32  Viking  
  187  17:34  Hellion x2, Cyclone  
  187  17:35  Terran Ship Weapons Level 2  
  196  17:40  Widow Mine x2  
  198  17:53  Viking  
  200  18:05  Missile Turret  
  200  18:06  Missile Turret x2  
  200  18:07  Missile Turret  
  200  18:16  Neosteel Armor  
  200  18:20  Command Center  
  197  18:38  Starport, Fusion Core  
  195  18:41  Starport  
  195  18:46  Viking x2  
  195  18:47  Viking  
  195  18:48  Viking  
  169  18:50  Cyclone x2  
  169  18:52  Viking  
  169  18:53  Cyclone  
  169  18:54  Hellion x2, Cyclone x2  
  163  19:04  Hellion x2  
  167  19:22  Cyclone x2  
  160  19:25  Viking x2  
  160  19:26  Cyclone x3  
  155  19:32  Hellion  
  155  19:33  Viking, Hellion  
  155  19:34  Viking x2  
  156  19:42  Hellion  
  156  19:44  Planetary Fortress  
  138  19:54  Cyclone x2  
  138  19:55  Viking  
  138  19:56  Hi-Sec Auto Tracking  
  138  19:58  Cyclone x3  
  149  20:00  SCV x3  
  149  20:01  SCV x3  
  155  20:14  Widow Mine  
  155  20:15  Widow Mine x4  
  155  20:17  SCV  
  166  20:26  Viking x3, Cyclone x2  
  178  20:29  SCV  
  178  20:30  Cyclone x2  
  176  20:38  Cyclone  
  176  20:39  Widow Mine x2  
  163  20:51  Missile Turret  
  163  20:52  Missile Turret  
  163  20:54  Widow Mine x2, Missile Turret, Hellion x2  
  171  20:58  Cyclone x2  
  171  20:59  Refinery x2  
  171  21:02  Cyclone  
  180  21:06  Cyclone  
  180  21:07  Hellion  
  180  21:10  Cyclone  
  185  21:12  Viking x2  
  179  21:18  Hellion x2  
  179  21:24  Hellion  
  173  21:30  Cyclone x2  
  166  21:33  Viking  
  166  21:34  Cyclone  
  153  21:41  Hellion, Cyclone  
  150  21:48  Cyclone  
  150  21:53  Hellion  
  140  22:00  Missile Turret  
  140  22:01  Missile Turret  
  140  22:02  Cyclone  
  140  22:07  Cyclone x2  
  140  22:08  Hellion x2  
  153  22:16  Cyclone  
  153  22:17  Hellion x2  
  153  22:19  Refinery  
  153  22:20  Refinery  
  160  22:29  Cyclone  
  152  22:34  Cyclone  
  147  22:41  Cyclone x2  
  127  22:48  Viking  
  127  22:51  Hellion x2, Cyclone  
  110  23:01  Cyclone  
  105  23:06  Orbital Command  
  105  23:13  Viking, Cyclone  
  105  23:19  Cyclone  
  115  23:20  Hellion x2  
  108  23:32  Hellion  
  108  23:33  SCV x3, Hellion  
  105  23:41  Refinery, Missile Turret  
  105  23:42  Refinery  
Tags
 
Add a new tag
Caveats
  • Supply blocks, unpowered buildings, or Contaminate may cause inaccurate times.
  • Supply counts are checked every 10 seconds.